 Dungeon Crawl Stone Soup version 0.32-a0-960-g3814254bd7 (webtiles) character file.

Game seed: 5228159592348460106

137 funkygono the Magician (level 5, -1/28 HPs)
             Began as a Deep Elf Fire Elementalist on Apr 17, 2024.
             Slain by a goblin
             ... wielding a +0 club
              (3 damage)
             ... on level 4 of the Dungeon.
             The game lasted 00:04:00 (2894 turns).

funkygono the Magician (Deep Elf Fire Elementalist) Turns: 2894, Time: 00:04:01

Health: -1/28      AC:  3    Str:  5    XL:     5   Next: 0%
Magic:  8/14       EV: 11    Int: 22    God:
Gold:   84         SH:  0    Dex: 15    Spells: 6/13 levels left

rFire   . . .        g - +0 dagger (elec)
rCold   . . .        (no shield)
rNeg    . . .        a - +0 robe
rPois   .            (no helmet)
rElec   .            (no cloak)
rCorr   .            (no gloves)
SInv    .            f - +0 pair of boots
Will    .....        (no amulet)
Stlth   ++           h - ring of flight
HPRegen 0.24/turn    (no ring)
MPRegen 0.14/turn

%: no passive effects
@: flying
A: no striking features
a: no special abilities


You were on level 4 of the Dungeon.
You visited 1 branch of the dungeon, and saw 4 of its levels.

You collected 84 gold pieces.

Inventory:

Hand Weapons
 e - a +0 short sword
 g - a +0 dagger of electrocution (weapon)
Armour
 a - a +0 robe (worn)
 f - a +0 pair of boots (worn)
Jewellery
 h - a ring of flight (left hand)
 j - a +6 ring of dexterity
Scrolls
 d - 2 scrolls of identify
Potions
 b - a potion of magic
 i - a potion of curing
 l - a potion of brilliance


   Skills:
 + Level 2.5 Dodging
 + Level 3.0 Stealth
 + Level 4.8 Spellcasting
 + Level 1.8 Conjurations
 + Level 4.8 Fire Magic


You had 6 spell levels left.
You knew the following spells:

 Your Spells              Type           Power      Damage    Failure   Level
a - Foxfire               Conj/Fire      76%        2x1d7     2%          1
b - Scorch                Fire           52%        2d7       2%          2
c - Flame Wave            Conj/Fire      19%        2d7       26%         4

Your spell library contained the following spells:

 Spells                   Type           Power      Damage    Failure   Level
 Inner Flame              Hex/Fire       15%        N/A       12%         3
 Volatile Blastmotes      Fire/Tloc      30%        2d12      12%         3
 Call Canine Familiar     Summ           5%         N/A       30%         3
 Sigil of Binding         Hex            5%         N/A       30%         3
 Dimensional Bullseye     Hex/Tloc       2%         N/A       71%         4


Dungeon Overview and Level Annotations

Branches:
Dungeon (4/15)
 Temple: D:4-7

Altars:
Beogh

Annotations:
D:3 3 runed translucent doors, DEFE's ghost, amateur CoFi


Message History

The ball python bites you but does no damage.
The ball python barely misses you. The ball python completely misses you.
The ball python closely misses you. The black bear bites you.
The black bear claws you. The black bear closely misses you.
The goblin closely misses you. The orc hits you with a +0 falchion!
There is a stone staircase leading up, spattered with blood here.
Casting: Scorch (safe; 2% risk of failure)
Confirm with . or Enter, or press ? or * to list all spells.
Flames lash the ball python.
You kill the ball python!
The goblin hits you with a +0 club. The orc hits you with a +0 falchion.
The black bear bites you but does no damage.
The black bear closely misses you. The black bear barely misses you.
Casting: Scorch (safe; 2% risk of failure)
Confirm with . or Enter, or press ? or * to list all spells.
You conjure some foxfire!
The goblin hits you with a +0 club. The orc barely misses you.
The black bear bites you.
* * * LOW HITPOINT WARNING * * *
The black bear claws you.
* * * LOW HITPOINT WARNING * * *
The black bear claws you but does no damage.
Casting: Foxfire (safe; 2% risk of failure)
Confirm with . or Enter, or press ? or * to list all spells.
You conjure some foxfire!
The foxfire hits the black bear.
The black bear is lightly wounded.
The foxfire hits the orc but does no damage.
The goblin misses you. The orc completely misses you. The black bear bites you.
* * * LOW HITPOINT WARNING * * *
The black bear closely misses you. The black bear claws you.
* * * LOW HITPOINT WARNING * * *
Casting: Foxfire (safe; 2% risk of failure)
Confirm with . or Enter, or press ? or * to list all spells.
Flames lash the black bear.
The black bear is moderately wounded.
The black bear's fire resistance burns away.
The foxfire hits the orc but does no damage.
The foxfire hits the black bear.
The black bear is burned terribly!
The black bear is heavily wounded.
The goblin hits you with a +0 club.
You die...

#...# #...# #
###...# ..
...$.#
#.##....###
##.........
.......hg#
.......@.#
...##.ยง[o......
#..#.###..# ....
.# # ###.. ##
#.. #.. #..


You could see a black bear (combustible), an orc and a goblin.

Vanquished Creatures
  Blork the orc (D:4)
  An adder (D:2)
  A ribbon worm (D:2)
  5 endoplasms
  A giant cockroach (D:2)
  6 goblins
  4 hobgoblins
  6 jackals (D:1)
  5 quokkas
  7 ball pythons
  4 bats
  4 frilled lizards
  4 kobolds
  5 rats
54 creatures vanquished.

Vanquished Creatures (collateral kills)
  A foxfire (D:3)
1 creature vanquished.

Vanquished Creatures (others)
  101 foxfires
101 creatures vanquished.

Grand Total: 156 creatures vanquished

Notes
Turn   | Place    | Note
-------+----------+-------------------------------------------
     0 | D:1      | funkygono the Deep Elf Fire Elementalist began the quest
                  | for the Orb.
     0 | D:1      | Reached XP level 1. HP: 10/10 MP: 6/6
   307 | D:1      | Reached XP level 2. HP: 15/15 MP: 5/8
   310 | D:1      | Learned a level 2 spell: Scorch
  1085 | D:1      | Reached XP level 3. HP: 19/19 MP: 5/10
  1963 | D:2      | Found a faded altar of an unknown god.
  2487 | D:3      | Found a runed translucent gate.
  2487 | D:3      | Found a runed translucent gate.
  2487 | D:3      | Found a runed translucent gate.
  2490 | D:3      | Noticed DEFE's ghost (amateur CoFi)
  2493 | D:3      | Identified the +0 chain mail of Hubris {rF- Will++ Str+2
                  | Int-5}
  2561 | D:3      | Reached XP level 4. HP: 24/24 MP: 8/12
  2566 | D:3      | Learned a level 4 spell: Flame Wave
  2745 | D:3      | Found a roughly hewn altar of Beogh.
  2787 | D:4      | Noticed Blork the orc
  2790 | D:4      | Killed Blork the orc
  2790 | D:4      | Noticed a black bear
  2791 | D:4      | Reached XP level 5. HP: 15/28 MP: 8/14
  2894 | D:4      | Slain by a goblin

Illustrated notes

Levels and vault maps discovered:
D:1:      nzn_arrival_settlement, layout_loops_ring
D:2:      layout_loops_ring, shapermc_ecumenical_altar_mp_vishouse,
          kennysheep_generic_room_4
D:3:      cheibrodos_old_hovel, layout_basic, biasface_ghost_orc_armoury,
          minmay_misc_feat_tower, nicolae_titane
D:4:      layout_loops_ring, mainiacjoe_overflow_surrounded_room,
          minmay_temple_entry_proselytizer, minmay_divided_ellipse,
          uniq_duvessa, uniq_blork_the_orc, uniq_edmund

Skill      XL: |  1  2  3  4 |
---------------+-------------+-----
Fire Magic     | 4 |  4.8
Spellcasting   | 4 |  4.8
Stealth        | 3 |  3.0
Dodging        | |  2.5
Conjurations   | |  1.8

Action                     |  1- 3 |  4- 6 || total
---------------------------+-------+-------++-------
   Cast: Foxfire           |    57 |     3 ||    60
         Scorch            |    21 |     4 ||    25
    Use: Scroll            |     3 |     3 ||     6
 Armour: Robe              |       |    16 ||    16
  Dodge: Dodged            |     1 |    11 ||    12

Table legend: (Time is in decaauts)
 A = Elapsed time spent in this place.
 B = Non-inter-level travel time spent in this place.
 C = Inter-level travel time spent in this place.
 D = Time resting spent in this place.
 E = Time spent auto-exploring this place.
 F = Levels seen in this place.
 G = Mean time per level.
                   A        B        C        D        E       F      G
               +--------+--------+--------+--------+--------+-----+--------+
         Total |   2892 |   2778 |    114 |      0 |   2478 |   4 |  723.0 |
       Dungeon |   2892 |   2778 |    114 |      0 |   2478 |   4 |  723.0 |
               +--------+--------+--------+--------+--------+-----+--------+

Top non-repeatable levels by time:
     D:1: 1184 daAuts
     D:2: 854 daAuts
     D:3: 844 daAuts
     D:4: 9 daAuts
